Map: King's Cove LE

Players

Serral - Winner!

  • Race: Zerg Zerg
  • League: Grandmaster
  • Spawn Location: 5:00

RlSky (RiSky)

  • Race: Zerg Zerg
  • League: Master
  • Spawn Location: 11:00

Event: HomeStory Cup XIX

VOD

Have the link to the VOD?

Description

Time

  • Played on: June 27, 2019, 2:09 p.m.
  • Length: 4:02

All games in this series

Show
View Real Time Build Order
Export as new Build Order

Serral Zerg - Winner!

Build Orders: Hatch First 

Get SALT Encoding   

  12  0:00  Drone  
  13  0:12  Overlord  
  13  0:18  Drone  
  14  0:31  Drone x2  
  16  0:50  Hatchery  
  16  0:52  Drone  
  16  0:56  Drone  
  17  1:00  Drone  
  18  1:09  Extractor  
  17  1:15  Spawning Pool  
  17  1:18  Drone  
  17  1:22  Drone  
  18  1:28  Drone  
  19  1:39  Drone  
  20  1:59  Evolution Chamber x2  
  20  2:01  Evolution Chamber  
  17  2:02  Evolution Chamber  
  17  2:03  Zergling x4  
  17  2:04  Zergling x2  
  19  2:10  Zergling x2  
  19  2:15  Zergling x2  
  21  2:17  Queen  
  26  2:23  Zergling x2  
  26  2:25  Zergling x2  
  16  2:57  Drone  
  17  3:03  Drone  
  18  3:05  Drone  
  19  3:13  Drone  
  20  3:46  Drone x5  
  20  3:47  Drone  
Show
View Real Time Build Order
Export as new Build Order

RlSky Zerg 

Build Orders: Pool Only 

Get SALT Encoding   

  12  0:18  Spawning Pool  
  11  0:22  Drone  
  11  0:26  Drone  
  13  0:31  Drone  
  14  0:40  Overlord  
  14  1:05  Zergling x4  
  14  1:06  Zergling x2  
  17  1:16  Zergling x2  
  18  1:27  Zergling x2  
  19  1:40  Zergling x2  
  20  1:52  Zergling x2  
  21  2:00  Zergling x2  
  22  2:12  Spine Crawler x2  
  20  2:20  Zergling x2  
  21  2:28  Zergling x2  
  14  2:43  Zergling x2  
  8  2:52  Zergling x2  
  9  3:14  Drone  
  10  3:24  Drone  
  11  3:42  Drone  
Tags
 
Add a new tag
Caveats
  • Supply blocks, unpowered buildings, or Contaminate may cause inaccurate times.
  • Supply counts are checked every 10 seconds.